 Dungeon Crawl Stone Soup version 0.30-a0-760-g5a9884bb7c (webtiles) character file.

Game seed: 3804506424759529489

162 Leeroy the Slasher (level 5, -3/26 HPs)
             Began as a Vine Stalker Warper on Feb 11, 2023.
             Killed from afar by Ijyb (9 damage)
             ... with a puff of flame
             ... on level 3 of the Dungeon.
             The game lasted 00:06:30 (2303 turns).

Leeroy the Slasher (Vine Stalker Warper)            Turns: 2303, Time: 00:06:31

Health: -3/26      AC:  8    Str: 13    XL:     5   Next: 43%
Magic:  0/9        EV: 11    Int: 13    God:
Gold:   181        SH:  0    Dex: 16    Spells: 3/8 levels left

rFire   . . .      SeeInvis .    a - +0 falchion
rCold   . . .      Faith    .    (no shield)
rNeg    . . .      Spirit   +    b - +0 leather armour
rPois   .          Reflect  .    t - +0 helmet
rElec   .          Harm     .    (no cloak)
rCorr   +          Rampage  .    (no gloves)
Will    .....                    (no boots)
Stlth   +                        (no amulet)
HPRegen 1.04/turn                o - ring of resist corrosion
MPRegen 0.11/turn                q - +4 ring of protection

@: no status effects
A: fangs 2, regeneration 1, magic shield, antimagic bite, no potion heal 2
a: no special abilities


You were on level 3 of the Dungeon.
You visited 1 branch of the dungeon, and saw 4 of its levels.

You collected 181 gold pieces.

Inventory:

Hand Weapons
 a - a +0 falchion (weapon)
 k - a +2 dagger of pain
Missiles
 d - 7 boomerangs of dispersal (quivered)
 m - 2 throwing nets
Armour
 b - a +0 leather armour (worn)
 t - a +0 helmet (worn)
Jewellery
 g - a ring of flight
 o - a ring of resist corrosion (left hand)
 q - a +4 ring of protection (right hand)
 s - a ring of willpower
Wands
 n - a wand of paralysis (3)
Scrolls
 c - a scroll of blinking
 i - 2 scrolls of amnesia {unknown}
 j - 5 scrolls of identify {unknown}
 p - a scroll of teleportation {unknown}
 v - a scroll of immolation {unknown}
Potions
 e - a potion of resistance {unknown}
 f - a potion of haste {unknown}
 h - a potion of brilliance {unknown}
 l - 2 potions of curing {unknown}
 r - a potion of degeneration {unknown}
 u - a potion of magic {unknown}


   Skills:
 - Level 1.7 Fighting
 + Level 5.0 Long Blades
 - Level 0.8 Throwing
 - Level 0.7 Armour
 - Level 1.5 Dodging
 - Level 2.1 Spellcasting
 - Level 3.0 Translocations


You had 3 spell levels left.
You knew the following spells:

 Your Spells              Type           Power      Damage    Failure   Level
a - Blink                 Tloc           18%        N/A       14%         2
b - Vhi's Electric Charg  Tloc/Air       10%        N/A       45%         3

Your spell library contained the following spells:

 Spells                   Type           Power      Damage    Failure   Level
 Lesser Beckoning         Tloc           18%        N/A       14%         2
 Teleport Other           Tloc           9%         N/A       28%         3
 Manifold Assault         Tloc           9%         N/A       67%         4


Dungeon Overview and Level Annotations

Branches:
Dungeon (4/15)
 Temple: D:4-7

Altars:

Annotations:
D:3 Ijyb


Innate Abilities, Weirdness & Mutations

You have extremely sharp teeth.
Your natural rate of healing is unusually fast.
When hurt, damage is shared between your health and your magic reserves.
Your bite disrupts and absorbs the magic of your enemies.
Potions cannot restore your health.


Message History

You drain its power.
You feel invigorated.
The ball python is heavily wounded.
The ball python barely misses you. The ball python constricts you.
You slash the ball python!
You kill the ball python!
You hit Ijyb. You bite Ijyb. You drain her power.
Ijyb is moderately wounded.
Ijyb hits you but does no damage.
You hit Ijyb but do no damage.
Ijyb is moderately wounded.
Ijyb hits you but does no damage.
You slash Ijyb! Your bite misses Ijyb.
Ijyb is severely wounded.
Ijyb misses you.
You hit Ijyb but do no damage.
Ijyb is severely wounded.
Ijyb zaps a wand.
The puff of flame hits you.
You miss Ijyb. You bite Ijyb, but do no damage.
Ijyb is severely wounded.
Ijyb zaps a wand.
The puff of flame hits you. Ijyb hits you with a +0 war axe.
You hit Ijyb but do no damage. Your bite misses Ijyb.
Ijyb is severely wounded.
Ijyb hits you with a +0 war axe.
You slash Ijyb! You bite Ijyb, but do no damage.
Ijyb is almost dead.
Ijyb hits you with a +0 war axe!
You hit Ijyb but do no damage. You bite Ijyb, but do no damage.
Ijyb is almost dead.
Ijyb barely misses you.
You barely miss Ijyb. Your bite misses Ijyb.
Ijyb is almost dead.
Ijyb hits you with a +0 war axe.
You miss Ijyb. Your bite misses Ijyb.
Ijyb is almost dead.
Ijyb hits you with a +0 war axe.
* * * LOW HITPOINT WARNING * * *
You completely miss Ijyb. Your bite misses Ijyb.
Ijyb is almost dead.
Ijyb zaps a wand.
The puff of flame hits you!
You die...

#<..#.#..†.....).....>..)......
#...#.##............)..........
###...######..........)........
#.### #.#..##............. #.#
##...####..........#. #.#
#..### #..#..######. #.# #..#
#....#...# ###..###..##.##..# .
##....g@..# #. #..### .#
.###..#.!##...#.. #....##.#
.........# .....# ##.#.#..#
.##....).# ...### #.....#
#.......# ...# #..)###
#.......# ...# #.#).##
#..[....# <... ###.##..##
##....)## ...##...........
#.....# #.......#..


You could see Ijyb.

Vanquished Creatures
  Terence (D:3)
  Robin (D:3)
  3 adders
  An ufetubus (D:4)
  A dart slug (D:1)
  6 orcs
  7 endoplasms
  6 giant cockroaches
  15 goblins
  5 hobgoblins
  5 jackals (D:1)
  2 quokkas
  6 ball pythons
  9 bats
  4 frilled lizards
  3 kobolds (D:1)
  6 rats
81 creatures vanquished.

Vanquished Creatures (others)
  A plant (D:4)
1 creature vanquished.

Grand Total: 82 creatures vanquished

Notes
Turn   | Place    | Note
-------+----------+-------------------------------------------
     0 | D:1      | Leeroy the Vine Stalker Warper began the quest for the Orb.
     0 | D:1      | Reached XP level 1. HP: 11/11 MP: 4/4
    44 | D:1      | Reached skill level 2 in Long Blades
   271 | D:1      | Reached XP level 2. HP: 14/15 MP: 4/6
   562 | D:1      | Reached skill level 3 in Long Blades
   567 | D:1      | Reached XP level 3. HP: 16/18 MP: 4/7
  1647 | D:2      | Found a faded altar of an unknown god.
  1651 | D:2      | Gained mutation: Your natural rate of healing is unusually
                  | fast. [Vine Stalker growth]
  1651 | D:2      | Reached XP level 4. HP: 23/23 MP: 8/8
  1773 | D:3      | Learned a level 2 spell: Blink
  1777 | D:3      | Learned a level 3 spell: Vhi's Electric Charge
  1803 | D:3      | Reached skill level 4 in Long Blades
  1825 | D:3      | Noticed Robin
  2086 | D:3      | Killed Robin
  2098 | D:3      | Reached XP level 5. HP: 26/26 MP: 9/9
  2118 | D:3      | Noticed Terence
  2136 | D:3      | Killed Terence
  2267 | D:3      | Noticed Ijyb
  2290 | D:3      | Reached skill level 5 in Long Blades
  2303 | D:3      | Killed from afar by Ijyb

Illustrated notes

Levels and vault maps discovered:
D:1:      minmay_arrival_four_loops, layout_basic, serial_forest,
          infiniplex_forest_straight_2, infiniplex_forest_clump_tiny,
          infiniplex_forest_corner_1, infiniplex_forest_join,
          infiniplex_forest_lined_2, infiniplex_forest_straight_2,
          infiniplex_forest_clump_curved
D:2:      layout_loops_ring, dreamdust_ecumenical_altar_statues
D:3:      layout_rooms, uniq_robin, uniq_ijyb, uniq_terence
D:4:      layout_basic, minmay_temple_entry_glassed_door, ebering_ghost_sewer_d,
          serial_shops, nicolae_shop_overgrown_old_shop,
          kennysheep_cross_bottleneck, patterned_corridor

Skill      XL: |  1  2  3  4  5 |
---------------+----------------+-----
Long Blades    | 2 3 4 5 |  5.0
Fighting       | |  1.7
Throwing       | |  0.8
Armour         | |  0.7
Dodging        | |  1.5
Spellcasting   | |  2.1
Translocations | |  3.0

Action                     |  1- 3 |  4- 6 || total
---------------------------+-------+-------++-------
  Melee: Falchion          |   104 |   133 ||   237
         Bite              |    26 |    35 ||    61
   Cast: Blink             |       |     1 ||     1
    Use: Scroll            |       |     1 ||     1
   Stab: Sleeping          |     2 |     1 ||     3
 Armour: Leather armour    |    31 |    69 ||   100
  Dodge: Dodged            |    61 |    99 ||   160

Table legend: (Time is in decaauts)
 A = Elapsed time spent in this place.
 B = Non-inter-level travel time spent in this place.
 C = Inter-level travel time spent in this place.
 D = Time resting spent in this place.
 E = Time spent auto-exploring this place.
 F = Levels seen in this place.
 G = Mean time per level.
                   A        B        C        D        E       F      G
               +--------+--------+--------+--------+--------+-----+--------+
         Total |   2331 |   2289 |     42 |      0 |   1693 |   4 |  582.8 |
       Dungeon |   2331 |   2289 |     42 |      0 |   1693 |   4 |  582.8 |
               +--------+--------+--------+--------+--------+-----+--------+

Top non-repeatable levels by time:
     D:1: 974 daAuts
     D:2: 746 daAuts
     D:3: 417 daAuts
     D:4: 192 daAuts
